 Dungeon Crawl Stone Soup version bcrawl-1.37.2 (webtiles) character file.

Game seed: 7999949143890055893

175151 Mehrunes the Covert (level 8, -2/52 HPs)
             Began as a Vampire Enchanter on Nov 10, 2022.
             Was a Follower of Dithmenos.
             Shot with a stone by a human (10 damage)
             ... on level 6 of the Dungeon.
             The game lasted 00:12:47 (6810 turns).

Mehrunes the Covert (Vampire Enchanter)             Turns: 6810, Time: 00:12:47

Health: -2/52      AC:  2    Str: 11    XL:     8   Next: 17%
Magic:  9/14       EV: 12    Int: 18    God:    Dithmenos [*.....]
Gold:   362        SH:  0    Dex: 13    Spells: 2/15 levels left

rFire    . . .     GDR:     25% a - +1 dagger
rCold    + . .     SeeInvis +   (no shield)
rNeg     + + .     Gourm    .   b - +0 robe
rPois    ∞         Faith    .   (no helmet)
rElec    .         Spirit   .   (no cloak)
rCorr    .         Reflect  .   (no gloves)
MR       .....                  (no boots)
Stlth    +++++++...             (no amulet)
HPRegen  0.09/turn              (no ring)
MPRegen  0.14/turn              (no ring)

@: bloodless, regenerating slowly, wreathed by umbra
A: claws 1, fangs 3, see invisible, unbreathing
a: Renounce Religion


You were on level 6 of the Dungeon.
You worshipped Dithmenos.
Dithmenos was aware of your devotion.
You were bloodless.

You visited 1 branch of the dungeon, and saw 6 of its levels.

You collected 362 gold pieces.

Inventory:

Hand Weapons
 a - a +1 dagger (weapon)
 n - a +1 falchion of protection
Armour
 b - a +0 robe (worn)
 t - a +0 helmet
Jewellery
 k - a -3 ring of intelligence
 w - a cursed ring of teleportation {unknown}
Scrolls
 d - 3 scrolls of fog
 g - 3 scrolls of fear {unknown}
 i - 3 scrolls of identify
 j - 2 scrolls of amnesia {unknown}
 l - 3 scrolls of teleportation
 p - 2 scrolls of remove curse
 u - a scroll of enchant weapon {unknown}
 y - a scroll of immolation {unknown}
Potions
 c - a potion of agility {unknown}
 e - 2 potions of invisibility
 f - 2 potions of magic {unknown}
 h - 2 potions of curing {unknown}
 m - 5 potions of brilliance {unknown}
 o - a potion of ambrosia {unknown}
 q - 5 potions of blood
 r - 2 potions of might {unknown}
 s - 2 potions of mutation {unknown}
 v - a potion of heal wounds {unknown}
 x - a potion of degeneration {unknown}
 z - a potion of lignification {unknown}


   Skills:
 + Level 6.1 Short Blades
 - Level 2.1 Dodging
 + Level 9.3 Stealth
 - Level 4.0 Spellcasting
 + Level 8.7 Hexes


You had 2 spell levels left.
You knew the following spells:

 Your Spells              Type           Power        Failure   Level  Hunger
a - Slow                  Hex            #####...     1%          1    None
b - Ensorcelled Hibernat  Hex/Ice        ###...       3%          2    None
c - Confuse               Hex            #####...     1%          3    ###....
d - Tukima's Dance        Hex            #####...     1%          3    ###....
e - Cause Fear            Hex            #####.....   4%          4    #####..

Your spell library contained the following spells:

 Spells                   Type           Power        Failure   Level  Hunger
 Dazzling Orbs            Conj/Hex       ###....      8%          3    ###....


Dungeon Overview and Level Annotations

Branches:
Dungeon (6/12)             Temple (0/1) D:5

Altars:
Dithmenos
Makhleb
Nemelex Xobeh
Sif Muna
Uskayaw
Vehumet
Wu Jian
Xom

Shops:
D:4 !

Annotations:
D:4 1 runed door


Innate Abilities, Weirdness & Mutations

You heal slowly.
You are immune to poison.
You have sharp fingernails.
You have razor-sharp teeth.
You have supernaturally acute eyesight. (SInv)
You can survive without breathing.


Message History

Press: ? - help, Shift-Dir - straight line, f/p - human
Aim: a human, wearing a +0 leather armour and quivering 163 stones (umbra, chance to defeat MR: 51%)
Okay, then.
Casting: Ensorcelled Hibernation (safe; 3% risk of failure)
Confirm with . or Enter, or press ? or * to list all spells.
Aiming: Confuse (safe; 1% risk of failure)
Press: ? - help, Shift-Dir - straight line, f/p - human
Aim: a human, wearing a +0 leather armour and quivering 163 stones (umbra, chance to defeat MR: 63%)
Okay, then.
The human wields a +0 hunting sling.
The human shoots a stone.
The stone closely misses you.
The human wields a +0 hunting sling.
The human shoots a stone.
The stone hits you!
* * * LOW HITPOINT WARNING * * *
Casting: Confuse (safe; 1% risk of failure)
Confirm with . or Enter, or press ? or * to list all spells.
Aiming: Confuse (safe; 1% risk of failure)
Press: ? - help, Shift-Dir - straight line, f/p - human
Aim: a human, wielding a +0 hunting sling, wearing a +0 leather armour and quivering 162 stones (chance to defeat MR: 63%)
The human appears confused.
The human shoots a stone.
The stone hits you!
You die...

### ..####
#.#..########
#.#.........# ##+#
#.#...#####. .....
#@#.....<.#
......###.##.#.####
........pp...#......#
###...#...###########
#.. #..## ... #.##
#.. ...# ## ###.# ..#


You could see 2 humans.

Vanquished Creatures
  Grinder (D:3)
  Eustachio (D:5)
  A water moccasin (D:5)
  A sky beast (D:4)
  A phantom (D:5)
  A wyvern skeleton (D:4)
  A howler monkey (D:4)
  A bullfrog skeleton (D:5)
  3 iron imps (D:5)
  2 worker ants
  4 iguanas
  A worker ant zombie (D:5)
  Robin (D:3)
  3 adders
  2 oozes
  3 worms
  3 dart slugs
  5 leopard geckos
  10 orcs
  2 giant cockroaches
  10 goblins
  13 hobgoblins
  14 jackals
  3 quokkas
  A ball python (D:1)
  12 bats
  4 frilled lizards
  5 kobolds
  6 rats
115 creatures vanquished.

Notes
Turn   | Place    | Note
-------+----------+-------------------------------------------
     0 | D:1      | Mehrunes the Vampire Enchanter began the quest for the Orb.
     0 | D:1      | Reached XP level 1. HP: 13/13 MP: 3/3
   137 | D:1      | Reached skill level 5 in Stealth
   156 | D:1      | Reached XP level 2. HP: 6/19 MP: 0/5
   239 | D:1      | Learned a level 2 spell: Ensorcelled Hibernation
  1089 | D:2      | Found a white marble altar of Elyvilon.
  1101 | D:2      | Reached XP level 3. HP: 24/24 MP: 3/6
  1153 | D:2      | Found a hide-covered altar of Uskayaw.
  1259 | D:2      | Learned a level 3 spell: Confuse
  2069 | D:2      | Reached skill level 5 in Hexes
  2676 | D:3      | Reached XP level 4. HP: 18/30 MP: 5/8
  2746 | D:3      | Noticed Grinder
  2761 | D:3      | Learned a level 3 spell: Tukima's Dance
  2804 | D:3      | Found a shadowy altar of Dithmenos.
  3203 | D:3      | Killed Grinder
  3204 | D:3      | Reached skill level 6 in Stealth
  3204 | D:3      | Reached XP level 5. HP: 29/35 MP: 4/11
  3204 | D:3      | Reached XP level 6. HP: 34/41 MP: 4/12
  3445 | D:3      | Became a worshipper of Dithmenos the Shadowed
  3825 | D:3      | Noticed Robin
  4073 | D:3      | Reached * piety under Dithmenos
  4122 | D:3      | Killed Robin
  4257 | D:3      | Reached skill level 7 in Stealth
  4431 | D:3      | Found a shadowy altar of Dithmenos.
  4776 | D:4      | Noticed a sky beast
  4783 | D:4      | Killed a sky beast
  4784 | D:4      | Reached XP level 7. HP: 46/46 MP: 13/13
  5009 | D:4      | Learned a level 4 spell: Cause Fear
  5096 | D:4      | Found Nuxkamol's Distillery.
  5122 | D:4      | Found a radiant altar of Vehumet.
  5251 | D:4      | Found a runed door.
  5668 | D:4      | Found a shimmering blue altar of Sif Muna.
  5746 | D:5      | Entered Level 5 of the Dungeon
  5762 | D:5      | Found a staircase to the Ecumenical Temple.
  5997 | D:5      | Found a sparkling altar of Nemelex Xobeh.
  6034 | D:5      | Reached skill level 8 in Stealth
  6051 | D:5      | Reached skill level 5 in Short Blades
  6153 | D:5      | Found a shimmering altar of Xom.
  6172 | D:5      | Found a blossoming altar of Fedhas.
  6253 | D:5      | Found a glowing golden altar of the Shining One.
  6336 | D:5      | Found a burning altar of Makhleb.
  6551 | D:5      | Reached skill level 9 in Stealth
  6551 | D:5      | Reached XP level 8. HP: 52/52 MP: 14/14
  6556 | D:5      | Noticed Eustachio
  6563 | D:5      | Killed Eustachio
  6594 | D:5      | Found an ornate altar of the Wu Jian Council.
  6810 | D:6      | Shot with a stone by a human

Skill      XL: |  1  2  3  4  5  6  7  8 |
---------------+-------------------------+-----
Stealth        | 5 6 7 9 |  9.3
Short Blades   | 2 3 4 5 6 |  6.1
Hexes          | 5 6 7 8 |  8.7
Spellcasting   | 3 4 |  4.0
Dodging        | |  2.1

Action                   |  1- 3 |  4- 6 |  7- 9 || total
-------------------------+-------+-------+-------++-------
Melee: Dagger            |   105 |    59 |    50 ||   214
       Bite              |     5 |     5 |     2 ||    12
       Unarmed           |     6 |       |       ||     6
       Falchion          |       |    11 |       ||    11
 Cast: Slow              |    16 |       |       ||    16
       Ensorcelled Hiber |    41 |    57 |    12 ||   110
       Confuse           |       |     5 |    13 ||    18
 Abil: End Transformatio |     1 |       |       ||     1
       Bat Form          |     1 |       |       ||     1
  Use: Scroll            |     2 |       |       ||     2
       Potion            |    11 |       |       ||    11
 Stab: Sleeping          |    34 |    34 |    15 ||    83
       Confused          |       |     4 |     5 ||     9
       Distracted        |       |     1 |       ||     1
Armor: Robe              |    29 |    17 |     2 ||    48
Dodge: Dodged            |    72 |    72 |    23 ||   167
